Blackhawks vs Blues

Created - 25 octobre 2019 at 16:59

Goals
1 2 3 T
Blackhawks 0 4 0 4
Blues 2 2 2 6
Shots
1 2 3 T
Blackhawks 9 15 12 36
Blues 13 8 8 29

1st period

1. Blues , Anthony Cirelli 2 (Colin White 3, Brendan Smith 3) at 18:01
2. Blues , Jordan Schroeder 2 (Ryan Reaves 1, Jordan Oesterle 3) at 19:00

Penalties :
Frederik Andersen (CHI) for Delaying the game (Minor) at 5:20 - Eric Staal served the penalty, Brendan Smith (STL) for Hooking (Minor) at 8:47

2nd period

3. Blackhawks , Carl Hagelin 2 (Alex Steen 2, Luke Kunin 2) at 4:18
4. Blackhawks , Andrew Shaw 4 (Mikael Backlund 5) at 6:49
5. Blues , Jordan Oesterle 1 (Anthony Cirelli 3, Colin White 4) at 9:50 (PP)
6. Blues , Dominik Simon 2 (Jeremy Bracco 2) at 11:02
7. Blackhawks , Eric Staal 1 (Niklas Hjalmarsson 3) at 11:18
8. Blackhawks , Andrew Shaw 5 (Markus Nutivaara 2) at 15:17 (PP)

Penalties :
Eric Staal (CHI) for Tripping (Minor) at 0:55, Brandon Davidson (CHI) for Roughing (Minor) at 9:42, Dominik Simon (STL) for Kneeing (Major) at 14:37

3rd period

9. Blues , Colin White 5 (Anthony Cirelli 4, Jordan Schroeder 4) at 17:31
10. Blues , David Schlemko 1 (Michael Frolik 2, Colin White 5) at 19:30 (Empty Net)

Penalties :
Colin White (STL) for Tripping (Minor) at 2:02, Ryan Reaves (STL) for Roughing (Minor) at 11:12

Goalie Stats

Frederik Andersen (CHI), 23 saves from 28 shots - (0,821), L, 4-2-2, 59:45 minutes
Jonathan Quick (STL), 32 saves from 36 shots - (0,889), W, 3-5-0, 60:00 minutes

Players Stats for Blackhawks

Player Name              G  A  P  +/- PIM S  H  SB GA TA FO     MP     PP MP  PK MP  
------------------------------------------------------------------------------------
Alex Steen               0  1  1   0  0   2  2  1  0  0  1/1    10:22   0:21   2:12 
Andrew Shaw              2  0  2   0  0   2  7  0  0  0  1/1    17:13   4:18   1:11 
Andy Greene              0  0  0   1  0   1  0  1  0  1  0/0    20:38   3:54   2:12 
Brandon Davidson         0  0  0   1  2   2  0  2  0  0  0/0    18:16   3:54   0:00 
Brett Connolly           0  0  0  -2  0   2  0  0  0  0  0/0    11:18   0:49   0:43 
Cam Atkinson             0  0  0   0  0   10 1  0  1  0  0/3    21:11   5:44   0:00 
Carl Hagelin             1  0  1   0  0   1  1  0  0  0  0/0     9:00   0:00   1:11 
Derek Forbort            0  0  0  -2  0   1  0  0  0  0  0/0    21:16   0:38   1:54 
Eric Staal               1  0  1   0  2   2  1  0  2  0  18/29  22:02   5:49   0:00 
Gavin Bayreuther         0  0  0  -2  0   1  0  0  0  0  0/0    20:46   6:24   1:54 
Luke Kunin               0  1  1   0  0   0  3  0  2  0  0/4    10:34   0:33   2:12 
Markus Nutivaara         0  1  1  -2  0   1  0  0  0  0  0/0    18:19   6:24   0:00 
Mikael Backlund          0  1  1   0  0   2  0  0  0  0  6/9    16:02   4:18   0:00 
Niklas Hjalmarsson       0  1  1   0  0   0  0  1  0  1  0/0    20:44   0:38   2:12 
Tyler Bertuzzi           0  0  0   0  0   0  0  0  0  0  0/0    12:42   0:49   0:00 
Vladislav Namestnikov    0  0  0  -2  0   2  2  0  0  0  0/2    10:41   0:00   0:43 
Yanni Gourde             0  0  0  -2  0   3  1  0  0  0  3/6    13:32   4:18   0:00 
Zach Parise              0  0  0   0  0   4  1  0  1  0  0/0    21:16   5:49   0:00 

Players Stats for Blues

Player Name              G  A  P  +/- PIM S  H  SB GA TA FO     MP     PP MP  PK MP  
------------------------------------------------------------------------------------
Anthony Cirelli          1  2  3   0  0   5  1  1  2  0  17/30  23:18   2:13   5:52 
Brendan Smith            0  1  1   2  2   0  1  2  0  0  0/0    19:42   2:00   4:12 
Colin White              1  3  4   0  2   4  1  1  0  0  1/2    22:08   2:13   4:43 
Corey Perry              0  0  0   0  0   4  1  0  0  0  0/1    17:04   1:52   3:00 
Curtis Lazar             0  0  0   1  0   0  0  1  0  0  2/2    11:22   0:01   0:00 
David Schlemko           1  0  1   1  0   5  3  2  0  3  0/0    28:28   2:06   5:37 
Dominik Simon            1  0  1   1  5   2  1  0  0  0  0/1     6:34   0:00   0:00 
Jeremy Bracco            0  1  1   1  0   1  1  0  0  0  0/1     9:40   0:01   2:28 
Jordan Oesterle          1  1  2   1  0   1  2  2  0  2  0/0    28:28   2:06   5:37 
Jordan Schroeder         1  1  2   1  0   1  2  2  0  0  1/7    10:56   0:01   0:00 
MacKenzie Weegar         0  0  0   2  0   0  1  1  0  1  0/0    20:50   2:00   5:19 
Matt Martin              0  0  0   0  0   0  2  1  0  0  1/2    14:23   1:52   0:43 
Melker Karlsson          0  0  0   0  0   2  1  0  0  0  4/9    15:46   1:52   2:06 
Michael Frolik           0  1  1   0  0   3  0  0  0  0  0/0    21:12   2:13   3:00 
Nic Hague                0  0  0  -1  0   0  2  0  0  0  0/0    10:42   0:00   0:00 
Ryan Reaves              0  1  1   1  2   1  3  0  0  0  0/0    10:25   0:00   0:00 
Ryan Spooner             0  0  0   1  0   0  0  0  0  0  0/0     6:12   0:00   0:00 
Ryan Sproul              0  0  0  -1  0   0  0  1  0  0  0/0    11:50   0:00   1:07 

3 Stars

1 - Andrew Shaw (CHI)
2 - Colin White (STL)
3 - Anthony Cirelli (STL)

Power Play

Blackhawks - 1 on 5 Attempt(s) - 20,00%
Blues - 1 on 3 Attempt(s) - 33,33%

Penalty Kill

Blackhawks - 2 on 3 Attempt(s) - 66,67% - Score 0 goal in Penalty Kill
Blues - 4 on 5 Attempt(s) - 80,00% - Score 0 goal in Penalty Kill

Team Stat

Blackhawks - Hits : 19 - Faceoff Wins : 29 - Blocked Shots : 5 - Penalty Minutes : 6
Blues - Hits : 22 - Faceoff Wins : 26 - Blocked Shots : 14 - Penalty Minutes : 11

Official

Referees : Brian Pochmara and Dave Lewis
Linesman : Derek Nansen and Andy McElman

Game Notes

David Schlemko has scored in a empty net!

Finance

Level 1 -- Attendance: 4470 (74,50%) -- Ticket Income 447 000 $
Level 2 -- Attendance: 4401 (88,02%) -- Ticket Income 264 060 $
Level 3 -- Attendance: 1684 (84,20%) -- Ticket Income 67 360 $
Level 4 -- Attendance: 2502 (62,55%) -- Ticket Income 75 060 $
Luxury Box -- Attendance: 731 (73,10%) -- Ticket Income 146 200 $
Game was played at the St.Louis Garden.
Total Attendance: 13788 (76,60%)
Total Ticket Income: 999 680 $
Other Income: 489 843 $
Total Income: 1 489 523 $

Blackhawks

5 vs 5 Forward 
   Center                   Left Wing                Right Wing               Time % Phy DF OF 
 1 Eric Staal               Zach Parise              Cam Atkinson             40     1   2  2  
 2 Mikael Backlund          Tyler Bertuzzi           Andrew Shaw              30     1   2  2  
 3 Yanni Gourde             Vladislav Namestnikov    Brett Connolly           20     1   2  2  
 4 Luke Kunin               Carl Hagelin             Alex Steen               10     1   2  2  

5 vs 5 Defense 
   Defense                  Defense                                           Time % Phy DF OF 
 1 Niklas Hjalmarsson       Derek Forbort                                     35     1   2  2  
 2 Andy Greene              Brandon Davidson                                  32     1   2  2  
 3 Gavin Bayreuther         Markus Nutivaara                                  25     1   2  2  
 4 Niklas Hjalmarsson       Derek Forbort                                     8      1   2  2  

PowerPlay Forward 
   Center                   Left Wing                Right Wing               Time % Phy DF OF 
 1 Eric Staal               Zach Parise              Cam Atkinson             60     1   2  2  
 2 Mikael Backlund          Yanni Gourde             Andrew Shaw              40     1   2  2  

PowerPlay Defense
   Defense                  Defense                                           Time % Phy DF OF 
 1 Gavin Bayreuther         Markus Nutivaara                                  60     1   2  2  
 2 Brandon Davidson         Andy Greene                                       40     1   2  2  

Penalty Kill 4 Players Forward 
   Center                   Wing                     Time % Phy DF OF 
 1 Luke Kunin               Alex Steen               60     1   2  2  
 2 Andrew Shaw              Carl Hagelin             40     1   2  2  

Penalty Kill 4 Players Defense
   Defense                  Defense                  Time % Phy DF OF 
 1 Andy Greene              Niklas Hjalmarsson       60     1   2  2  
 2 Derek Forbort            Gavin Bayreuther         40     1   2  2  

Penalty Kill - 3 Players Forward 
   Forward                                           Time % Phy DF OF 
 1 Luke Kunin                                        60     1   2  2  
 2 Alex Steen                                        40     1   2  2  

Penalty Kill - 3 Players Defense
   Defense                  Defense                  Time % Phy DF OF 
 1 Andy Greene              Niklas Hjalmarsson       60     1   2  2  
 2 Derek Forbort            Gavin Bayreuther         40     1   2  2  

4 vs 4 Forward 
   Center                   Wing                     Time % Phy DF OF 
 1 Mikael Backlund          Cam Atkinson             60     1   2  2  
 2 Eric Staal               Yanni Gourde             40     1   2  2  

4 vs 4 Defense
   Defense                  Defense                  Time % Phy DF OF 
 1 Markus Nutivaara         Derek Forbort            60     1   2  2  
 2 Brandon Davidson         Markus Nutivaara         40     1   2  2  

Last Minutes Offensive
   Center                   Left Wing                Right Wing               Defense                  Defense                  
   Eric Staal               Zach Parise              Cam Atkinson             Markus Nutivaara         Derek Forbort            

Last Minutes Defensive
   Center                   Left Wing                Right Wing               Defense                  Defense                  
   Luke Kunin               Carl Hagelin             Alex Steen               Niklas Hjalmarsson       Andy Greene              

Goaltenders
Starting : Frederik Andersen        
Backup : David Rittich            

Extra Forwards
Normal : Cam Atkinson, Yanni Gourde, Vladislav Namestnikov - PP : Yanni Gourde, Tyler Bertuzzi - PK : Vladislav Namestnikov
Extra Defensemen
Normal : Niklas Hjalmarsson, Derek Forbort, Andy Greene - PP : Derek Forbort - PK : Gavin Bayreuther, Brandon Davidson
Penalty Shots
Cam Atkinson, Zach Parise, Alex Steen, Andy Greene, Eric Staal
Custom OT Lines Forwards
Cam Atkinson, Eric Staal, Yanni Gourde, Mikael Backlund, Tyler Bertuzzi, Andrew Shaw, Vladislav Namestnikov, Brett Connolly, Alex Steen, Carl Hagelin
Custom OT Lines Defensemen
Niklas Hjalmarsson, Derek Forbort, Markus Nutivaara, Brandon Davidson, Andy Greene

Scratches
Brock McGinn (Healthy), Sven Andrighetto (Healthy)

Blues

5 vs 5 Forward 
   Center                   Left Wing                Right Wing               Time % Phy DF OF 
 1 Anthony Cirelli          Michael Frolik           Colin White              40     1   2  2  
 2 Melker Karlsson          Matt Martin              Corey Perry              30     1   2  2  
 3 Jordan Schroeder         Ryan Reaves              Curtis Lazar             20     1   2  2  
 4 Dominik Simon            Ryan Spooner             Jeremy Bracco            10     1   2  2  

5 vs 5 Defense 
   Defense                  Defense                                           Time % Phy DF OF 
 1 David Schlemko           Jordan Oesterle                                   40     1   2  2  
 2 Brendan Smith            MacKenzie Weegar                                  30     1   2  2  
 3 Nic Hague                Ryan Sproul                                       20     1   2  2  
 4 David Schlemko           Jordan Oesterle                                   10     1   2  2  

PowerPlay Forward 
   Center                   Left Wing                Right Wing               Time % Phy DF OF 
 1 Anthony Cirelli          Michael Frolik           Colin White              60     1   2  2  
 2 Melker Karlsson          Matt Martin              Corey Perry              40     1   2  2  

PowerPlay Defense
   Defense                  Defense                                           Time % Phy DF OF 
 1 David Schlemko           Jordan Oesterle                                   60     1   2  2  
 2 Brendan Smith            MacKenzie Weegar                                  40     1   2  2  

Penalty Kill 4 Players Forward 
   Center                   Wing                     Time % Phy DF OF 
 1 Anthony Cirelli          Colin White              60     1   2  2  
 2 Michael Frolik           Corey Perry              40     1   2  2  

Penalty Kill 4 Players Defense
   Defense                  Defense                  Time % Phy DF OF 
 1 David Schlemko           Jordan Oesterle          60     1   2  2  
 2 Brendan Smith            MacKenzie Weegar         40     1   2  2  

Penalty Kill - 3 Players Forward 
   Forward                                           Time % Phy DF OF 
 1 Anthony Cirelli                                   60     1   2  2  
 2 Colin White                                       40     1   2  2  

Penalty Kill - 3 Players Defense
   Defense                  Defense                  Time % Phy DF OF 
 1 David Schlemko           Jordan Oesterle          60     1   2  2  
 2 Brendan Smith            MacKenzie Weegar         40     1   2  2  

4 vs 4 Forward 
   Center                   Wing                     Time % Phy DF OF 
 1 Anthony Cirelli          Colin White              60     1   2  2  
 2 Michael Frolik           Corey Perry              40     1   2  2  

4 vs 4 Defense
   Defense                  Defense                  Time % Phy DF OF 
 1 David Schlemko           Jordan Oesterle          60     1   2  2  
 2 Brendan Smith            MacKenzie Weegar         40     1   2  2  

Last Minutes Offensive
   Center                   Left Wing                Right Wing               Defense                  Defense                  
   Anthony Cirelli          Michael Frolik           Colin White              David Schlemko           Jordan Oesterle          

Last Minutes Defensive
   Center                   Left Wing                Right Wing               Defense                  Defense                  
   Anthony Cirelli          Michael Frolik           Colin White              David Schlemko           Jordan Oesterle          

Goaltenders
Starting : Jonathan Quick           
Backup : Tom McCollum             

Extra Forwards
Normal : Curtis Lazar, Jordan Schroeder, Jeremy Bracco - PP : Curtis Lazar, Jordan Schroeder - PK : Jeremy Bracco
Extra Defensemen
Normal : Nic Hague, Ryan Sproul, Brendan Smith - PP : Nic Hague - PK : Ryan Sproul, Brendan Smith
Penalty Shots
Anthony Cirelli, Colin White, Michael Frolik, Corey Perry, Matt Martin
Custom OT Lines Forwards
Anthony Cirelli, Colin White, Michael Frolik, Corey Perry, Matt Martin, Curtis Lazar, Melker Karlsson, Jordan Schroeder, Jeremy Bracco, Ryan Reaves
Custom OT Lines Defensemen
David Schlemko, Jordan Oesterle, Brendan Smith, MacKenzie Weegar, Nic Hague

Scratches
Matt Benning (Broken Bone (Left Foot) Injury), Cody Eakin (Healthy), Jason Demers (Healthy), Scott Darling (Healthy)

% Time on Ice - Blackhawks

Lines # - Real PCT - Wanted PCT - Time Play
Normal Forward
1 - 35% - 40% - 15:41
2 - 27% - 30% - 11:56
3 - 20% - 20% - 8:59
4 - 18% - 10% - 7:49
Normal Defense
1 - 38% - 35% - 16:53
2 - 34% - 32% - 15:10
3 - 26% - 25% - 11:27
4 - 2% - 8% - 0:55
PP Forward
1 - 59% - 60% - 6:25
2 - 41% - 40% - 4:31
PP Defense
1 - 64% - 60% - 7:02
2 - 36% - 40% - 3:54
PK Forward
1 - 71% - 60% - 2:55
2 - 29% - 40% - 1:11
PK Defense
1 - 54% - 60% - 2:12
2 - 46% - 40% - 1:54
PK3 Forward
1 - 0% - 60%
2 - 0% - 40%
PK3 Defense
1 - 0% - 60%
2 - 0% - 40%
44 Forward
1 - 0% - 60%
2 - 0% - 40%
44 Defense
1 - 0% - 60%
2 - 0% - 40%
Last Minute Offensive  - 0:33
Last Minute Defensive  - 0:00
Total
Forward - 60:00
Defense - 60:00

% Time on Ice - Blues

Lines # - Real PCT - Wanted PCT - Time Play
Normal Forward
1 - 33% - 40% - 14:41
2 - 30% - 30% - 13:32
3 - 22% - 20% - 9:59
4 - 14% - 10% - 6:12
Normal Defense
1 - 41% - 40% - 18:15
2 - 30% - 30% - 13:31
3 - 24% - 20% - 10:42
4 - 4% - 10% - 1:56
PP Forward
1 - 54% - 60% - 2:14
2 - 46% - 40% - 1:52
PP Defense
1 - 51% - 60% - 2:06
2 - 49% - 40% - 2:00
PK Forward
1 - 73% - 60% - 7:56
2 - 27% - 40% - 3:00
PK Defense
1 - 51% - 60% - 5:37
2 - 49% - 40% - 5:19
PK3 Forward
1 - 0% - 60%
2 - 0% - 40%
PK3 Defense
1 - 0% - 60%
2 - 0% - 40%
44 Forward
1 - 0% - 60%
2 - 0% - 40%
44 Defense
1 - 0% - 60%
2 - 0% - 40%
Last Minute Offensive  - 0:00
Last Minute Defensive  - 0:34
Total
Forward - 60:00
Defense - 60:00

Play-by-Play

1st period


0:01 of 1st period - Eric Staal wins face-off versus Anthony Cirelli in neutral zone.
0:12 of 1st period - Snap shot by Zach Parise.
0:12 of 1st period - Shot Misses the Net.
1:00 of 1st period - Snap shot by Brett Connolly.
1:00 of 1st period - Deflect By Yanni Gourde.
1:00 of 1st period - Stopped by Jonathan Quick with a rebound.
1:30 of 1st period - Zach Parise is hit by MacKenzie Weegar and loses puck.
1:35 of 1st period - Snap shot by Colin White.
1:35 of 1st period - Shot Hit the Post.
1:37 of 1st period - Snap shot by Anthony Cirelli.
1:37 of 1st period - Shot Blocked by Brandon Davidson.
1:39 of 1st period - Snap shot by Colin White.
1:39 of 1st period - Stopped by Frederik Andersen without a rebound.
1:40 of 1st period - Mikael Backlund wins face-off versus Melker Karlsson in Blackhawks zone.
2:03 of 1st period - Icing by Markus Nutivaara.
2:04 of 1st period - Anthony Cirelli wins face-off versus Cam Atkinson in Blackhawks zone.
2:31 of 1st period - Cam Atkinson is hit by Jordan Oesterle and loses puck.
2:38 of 1st period - Slapshot by Markus Nutivaara.
2:38 of 1st period - Deflect By Eric Staal.
2:38 of 1st period - Shot Blocked by Jordan Oesterle.
2:38 of 1st period - Puck is out of play.
2:39 of 1st period - Yanni Gourde wins face-off versus Jordan Schroeder in Blues zone.
2:56 of 1st period - Ryan Reaves is hit by Vladislav Namestnikov and loses puck.
3:13 of 1st period - Michael Frolik is hit by Andrew Shaw and loses puck.
3:26 of 1st period - Snap shot by Zach Parise.
3:26 of 1st period - Shot Blocked by Ryan Sproul.
3:34 of 1st period - Snap shot by Zach Parise.
3:34 of 1st period - Stopped by Jonathan Quick with a rebound.
3:46 of 1st period - Alex Steen is hit by Nic Hague and loses puck.
4:50 of 1st period - Off-side.
4:51 of 1st period - Eric Staal wins face-off versus Melker Karlsson in neutral zone.
5:04 of 1st period - Snap shot by Matt Martin.
5:04 of 1st period - Deflect By Corey Perry.
5:04 of 1st period - Stopped by Frederik Andersen without a rebound.
5:05 of 1st period - Anthony Cirelli wins face-off versus Eric Staal in Blackhawks zone.
5:14 of 1st period - Snap shot by Michael Frolik.
5:14 of 1st period - Shot Misses the Net.
5:16 of 1st period - Snap shot by Anthony Cirelli.
5:16 of 1st period - Stopped by Frederik Andersen with a rebound.
5:18 of 1st period - Wrist shot by Anthony Cirelli.
5:18 of 1st period - Shot Misses the Net.
5:20 of 1st period - Slapshot by David Schlemko.
5:20 of 1st period - Stopped by Frederik Andersen without a rebound.
5:20 of 1st period - Minor Penalty to Frederik Andersen for Delaying the game.
5:21 of 1st period - Anthony Cirelli wins face-off versus Luke Kunin in Blackhawks zone.
6:30 of 1st period - Snap shot by Brett Connolly.
6:30 of 1st period - Stopped by Jonathan Quick without a rebound.
6:31 of 1st period - Melker Karlsson wins face-off versus Vladislav Namestnikov in Blues zone.
6:48 of 1st period - Gavin Bayreuther is hit by David Schlemko and loses puck.
7:20 of 1st period - Penalty to Eric Staal is over, Eric Staal is back on ice.
7:30 of 1st period - Icing by MacKenzie Weegar.
7:31 of 1st period - Eric Staal wins face-off versus Jordan Schroeder in Blues zone.
7:40 of 1st period - Backhand shot by Cam Atkinson.
7:40 of 1st period - Stopped by Jonathan Quick with a rebound.
7:42 of 1st period - Slapshot by Zach Parise.
7:42 of 1st period - Shot Blocked by Brendan Smith.
7:48 of 1st period - Cam Atkinson is hit by Ryan Reaves.
8:04 of 1st period - Wrist shot by Matt Martin.
8:04 of 1st period - Shot Blocked by Andy Greene.
8:06 of 1st period - Snap shot by Melker Karlsson.
8:06 of 1st period - Stopped by Frederik Andersen without a rebound.
8:07 of 1st period - Anthony Cirelli wins face-off versus Vladislav Namestnikov in Blackhawks zone.
8:38 of 1st period - Off-side.
8:39 of 1st period - Eric Staal wins face-off versus Colin White in neutral zone.
8:47 of 1st period - Minor Penalty to Brendan Smith for Hooking.
8:48 of 1st period - Anthony Cirelli wins face-off versus Eric Staal in Blues zone.
9:54 of 1st period - Wrist shot by Jeremy Bracco.
9:54 of 1st period - Stopped by Frederik Andersen without a rebound.
9:55 of 1st period - Mikael Backlund wins face-off versus Jeremy Bracco in Blackhawks zone.
10:47 of 1st period - Penalty to Brendan Smith is over, Brendan Smith is back on ice.
11:20 of 1st period - Icing by Niklas Hjalmarsson.
11:21 of 1st period - Yanni Gourde wins face-off versus Melker Karlsson in Blackhawks zone.
12:38 of 1st period - Wrist shot by Alex Steen.
12:38 of 1st period - Deflect By Jordan Oesterle.
12:38 of 1st period - Shot Blocked by David Schlemko.
12:38 of 1st period - Puck is out of play.
12:39 of 1st period - Anthony Cirelli wins face-off versus Eric Staal in Blues zone.
13:06 of 1st period - David Schlemko is hit by Andrew Shaw and loses puck.
13:13 of 1st period - Slapshot by Andrew Shaw.
13:13 of 1st period - Shot Misses the Net.
13:21 of 1st period - Niklas Hjalmarsson is hit by Matt Martin and loses puck.
13:40 of 1st period - Slapshot by Brett Connolly.
13:40 of 1st period - Stopped by Jonathan Quick with a rebound.
13:42 of 1st period - Slapshot by Derek Forbort.
13:42 of 1st period - Shot Blocked by Jordan Schroeder.
14:23 of 1st period - Slapshot by Anthony Cirelli.
14:23 of 1st period - Shot Misses the Net.
14:45 of 1st period - Wrist shot by Vladislav Namestnikov.
14:45 of 1st period - Stopped by Jonathan Quick with a rebound.
15:07 of 1st period - Snap shot by Mikael Backlund.
15:07 of 1st period - Shot Misses the Net.
15:19 of 1st period - Snap shot by Dominik Simon.
15:19 of 1st period - Stopped by Frederik Andersen with a rebound.
15:25 of 1st period - Jordan Schroeder is hit by Cam Atkinson and loses puck.
15:44 of 1st period - Snap shot by Colin White.
15:44 of 1st period - Shot Blocked by Alex Steen.
15:46 of 1st period - Slapshot by Michael Frolik.
15:46 of 1st period - Stopped by Frederik Andersen without a rebound.
15:47 of 1st period - Eric Staal wins face-off versus Anthony Cirelli in Blackhawks zone.
16:35 of 1st period - Slapshot by Carl Hagelin.
16:35 of 1st period - Shot Misses the Net.
16:37 of 1st period - Wrist shot by Alex Steen.
16:37 of 1st period - Stopped by Jonathan Quick without a rebound.
16:38 of 1st period - Jordan Schroeder wins face-off versus Luke Kunin in Blues zone.
17:28 of 1st period - Snap shot by Alex Steen.
17:28 of 1st period - Shot Blocked by Brendan Smith.
17:30 of 1st period - Slapshot by Brandon Davidson.
17:30 of 1st period - Stopped by Jonathan Quick with a rebound.
17:53 of 1st period - Snap shot by Yanni Gourde.
17:53 of 1st period - Stopped by Jonathan Quick with a rebound.
18:01 of 1st period - Wrist shot by Anthony Cirelli.
18:01 of 1st period - Goal by Anthony Cirelli - Blackhawks : 0 - Blues : 1.
18:02 of 1st period - Melker Karlsson wins face-off versus Cam Atkinson in neutral zone.
18:09 of 1st period - Slapshot by Corey Perry.
18:09 of 1st period - Stopped by Frederik Andersen without a rebound.
18:10 of 1st period - Matt Martin wins face-off versus Eric Staal in Blackhawks zone.
18:17 of 1st period - Snap shot by Corey Perry.
18:17 of 1st period - Stopped by Frederik Andersen with a rebound.
18:48 of 1st period - Wrist shot by Tyler Bertuzzi.
18:48 of 1st period - Shot Blocked by Anthony Cirelli.
19:00 of 1st period - Wrist shot by Ryan Reaves.
19:00 of 1st period - Deflect By Jordan Schroeder.
19:00 of 1st period - Goal by Jordan Schroeder - Blackhawks : 0 - Blues : 2.
19:01 of 1st period - Eric Staal wins face-off versus Anthony Cirelli in neutral zone.
19:12 of 1st period - Snap shot by Michael Frolik.
19:12 of 1st period - Stopped by Frederik Andersen with a rebound.
19:19 of 1st period - Off-side.
19:20 of 1st period - Melker Karlsson wins face-off versus Mikael Backlund in neutral zone.
19:52 of 1st period - Snap shot by Colin White.
19:52 of 1st period - Shot Misses the Net.
Goals for this period are 0 for Blackhawks vs 2 for Blues.
Shots for this period are 9 for Blackhawks vs 13 for Blues.

2nd period


0:01 of 2nd period - Eric Staal wins face-off versus Anthony Cirelli in neutral zone.
0:04 of 2nd period - Wrist shot by Zach Parise.
0:04 of 2nd period - Stopped by Jonathan Quick with a rebound.
0:14 of 2nd period - Snap shot by Michael Frolik.
0:14 of 2nd period - Shot Misses the Net.
0:16 of 2nd period - Slapshot by Anthony Cirelli.
0:16 of 2nd period - Stopped by Frederik Andersen without a rebound.
0:17 of 2nd period - Mikael Backlund wins face-off versus Matt Martin in Blackhawks zone.
0:26 of 2nd period - Wrist shot by Mikael Backlund.
0:26 of 2nd period - Stopped by Jonathan Quick with a rebound.
0:42 of 2nd period - Zach Parise is hit by Anthony Cirelli and loses puck.
0:55 of 2nd period - Minor Penalty to Eric Staal for Tripping.
0:56 of 2nd period - Anthony Cirelli wins face-off versus Luke Kunin in Blackhawks zone.
1:21 of 2nd period - Niklas Hjalmarsson is hit by Matt Martin and loses puck.
2:55 of 2nd period - Penalty to Eric Staal is over, Eric Staal is back on ice.
3:31 of 2nd period - Slapshot by Vladislav Namestnikov.
3:31 of 2nd period - Shot Blocked by Curtis Lazar.
3:33 of 2nd period - Snap shot by Gavin Bayreuther.
3:33 of 2nd period - Stopped by Jonathan Quick with a rebound.
3:39 of 2nd period - Wrist shot by Vladislav Namestnikov.
3:39 of 2nd period - Shot Blocked by Jordan Schroeder.
3:41 of 2nd period - Slapshot by Derek Forbort.
3:41 of 2nd period - Stopped by Jonathan Quick without a rebound.
3:42 of 2nd period - Andrew Shaw wins face-off versus Dominik Simon in Blues zone.
4:18 of 2nd period - Snap shot by Alex Steen.
4:18 of 2nd period - Deflect By Carl Hagelin.
4:18 of 2nd period - Goal by Carl Hagelin - Blackhawks : 1 - Blues : 2.
4:19 of 2nd period - Anthony Cirelli wins face-off versus Mikael Backlund in neutral zone.
4:26 of 2nd period - Wrist shot by Michael Frolik.
4:26 of 2nd period - Stopped by Frederik Andersen with a rebound.
4:30 of 2nd period - Wrist shot by Colin White.
4:30 of 2nd period - Shot Misses the Net.
4:32 of 2nd period - Snap shot by David Schlemko.
4:32 of 2nd period - Stopped by Frederik Andersen without a rebound.
4:33 of 2nd period - Eric Staal wins face-off versus Melker Karlsson in Blackhawks zone.
4:48 of 2nd period - Snap shot by Cam Atkinson.
4:48 of 2nd period - Stopped by Jonathan Quick with a rebound.
5:04 of 2nd period - Slapshot by Yanni Gourde.
5:04 of 2nd period - Stopped by Jonathan Quick with a rebound.
5:09 of 2nd period - Off-side.
5:10 of 2nd period - Mikael Backlund wins face-off versus Anthony Cirelli in neutral zone.
5:17 of 2nd period - Snap shot by Mikael Backlund.
5:17 of 2nd period - Stopped by Jonathan Quick with a rebound.
6:02 of 2nd period - Snap shot by Yanni Gourde.
6:02 of 2nd period - Shot Misses the Net.
6:04 of 2nd period - Snap shot by Vladislav Namestnikov.
6:04 of 2nd period - Shot Misses the Net.
6:08 of 2nd period - Wrist shot by Vladislav Namestnikov.
6:08 of 2nd period - Stopped by Jonathan Quick with a rebound.
6:38 of 2nd period - Michael Frolik is hit by Andrew Shaw and loses puck.
6:49 of 2nd period - Snap shot by Andrew Shaw.
6:49 of 2nd period - Goal by Andrew Shaw - Blackhawks : 2 - Blues : 2.
6:50 of 2nd period - Eric Staal wins face-off versus Anthony Cirelli in neutral zone.
6:57 of 2nd period - Wrist shot by Cam Atkinson.
6:57 of 2nd period - Stopped by Jonathan Quick with a rebound.
7:15 of 2nd period - Melker Karlsson is hit by Andrew Shaw and loses puck.
7:33 of 2nd period - Icing by Mikael Backlund.
7:34 of 2nd period - Curtis Lazar wins face-off versus Yanni Gourde in Blackhawks zone.
9:14 of 2nd period - Snap shot by Ryan Reaves.
9:14 of 2nd period - Stopped by Frederik Andersen with a rebound.
9:42 of 2nd period - Minor Penalty to Brandon Davidson for Roughing.
9:43 of 2nd period - Anthony Cirelli wins face-off versus Luke Kunin in Blackhawks zone.
9:44 of 2nd period - Snap shot by Colin White.
9:44 of 2nd period - Shot Misses the Net.
9:46 of 2nd period - Snap shot by Anthony Cirelli.
9:46 of 2nd period - Shot Misses the Net.
9:48 of 2nd period - Snap shot by Anthony Cirelli.
9:48 of 2nd period - Stopped by Frederik Andersen with a rebound.
9:50 of 2nd period - Slapshot by Jordan Oesterle.
9:50 of 2nd period - Goal by Jordan Oesterle - Blackhawks : 2 - Blues : 3.
9:51 of 2nd period - Eric Staal wins face-off versus Anthony Cirelli in neutral zone.
10:18 of 2nd period - Derek Forbort is hit by David Schlemko and loses puck.
10:25 of 2nd period - Wrist shot by Tyler Bertuzzi.
10:25 of 2nd period - Shot Blocked by Jordan Oesterle.
10:27 of 2nd period - Slapshot by Markus Nutivaara.
10:27 of 2nd period - Stopped by Jonathan Quick with a rebound.
10:39 of 2nd period - Gavin Bayreuther is hit by Ryan Reaves and loses puck.
11:02 of 2nd period - Snap shot by Dominik Simon.
11:02 of 2nd period - Goal by Dominik Simon - Blackhawks : 2 - Blues : 4.
11:03 of 2nd period - Anthony Cirelli wins face-off versus Eric Staal in neutral zone.
11:18 of 2nd period - Snap shot by Eric Staal.
11:18 of 2nd period - Goal by Eric Staal - Blackhawks : 3 - Blues : 4.
11:19 of 2nd period - Anthony Cirelli wins face-off versus Eric Staal in neutral zone.
11:24 of 2nd period - Snap shot by Colin White.
11:24 of 2nd period - Stopped by Frederik Andersen without a rebound.
11:25 of 2nd period - Anthony Cirelli wins face-off versus Eric Staal in Blackhawks zone.
11:40 of 2nd period - Snap shot by Cam Atkinson.
11:40 of 2nd period - Shot Misses the Net.
12:24 of 2nd period - Matt Martin is hit by Zach Parise and loses puck.
13:01 of 2nd period - Andy Greene is hit by Colin White and loses puck.
13:23 of 2nd period - Off-side.
13:24 of 2nd period - Alex Steen wins face-off versus Jordan Schroeder in neutral zone.
13:29 of 2nd period - MacKenzie Weegar is hit by Alex Steen and loses puck.
14:35 of 2nd period - Wrist shot by Alex Steen.
14:35 of 2nd period - Shot Misses the Net.
14:37 of 2nd period - Major Penalty to Dominik Simon for Kneeing.
14:38 of 2nd period - Colin White wins face-off versus Eric Staal in Blues zone.
15:17 of 2nd period - Snap shot by Andrew Shaw.
15:17 of 2nd period - Goal by Andrew Shaw - Blackhawks : 4 - Blues : 4.
15:18 of 2nd period - Anthony Cirelli wins face-off versus Eric Staal in neutral zone.
15:51 of 2nd period - Snap shot by Cam Atkinson.
15:51 of 2nd period - Stopped by Jonathan Quick without a rebound.
15:52 of 2nd period - Mikael Backlund wins face-off versus Anthony Cirelli in Blues zone.
16:35 of 2nd period - Snap shot by Jeremy Bracco.
16:35 of 2nd period - Shot Misses the Net.
18:02 of 2nd period - MacKenzie Weegar is hit by Alex Steen and loses puck.
18:41 of 2nd period - Mikael Backlund is hit by Corey Perry and loses puck.
19:04 of 2nd period - Tyler Bertuzzi is hit by Jeremy Bracco and loses puck.
19:17 of 2nd period - Mikael Backlund is hit by Jordan Oesterle and loses puck.
19:37 of 2nd period - Penalty to Dominik Simon is over, Dominik Simon is back on ice.
Goals for this period are 4 for Blackhawks vs 2 for Blues.
Shots for this period are 15 for Blackhawks vs 8 for Blues.

3rd period


0:01 of 3rd period - Eric Staal wins face-off versus Anthony Cirelli in neutral zone.
0:26 of 3rd period - David Schlemko is hit by Andrew Shaw and loses puck.
0:31 of 3rd period - Snap shot by Andrew Shaw.
0:31 of 3rd period - Shot Blocked by Matt Martin.
0:52 of 3rd period - Brett Connolly is hit by Brendan Smith.
1:10 of 3rd period - Snap shot by Cam Atkinson.
1:10 of 3rd period - Shot Misses the Net.
1:12 of 3rd period - Slapshot by Andy Greene.
1:12 of 3rd period - Stopped by Jonathan Quick with a rebound.
1:14 of 3rd period - Wrist shot by Cam Atkinson.
1:14 of 3rd period - Stopped by Jonathan Quick with a rebound.
1:16 of 3rd period - Wrist shot by Eric Staal.
1:16 of 3rd period - Shot Misses the Net.
1:18 of 3rd period - Wrist shot by Cam Atkinson.
1:18 of 3rd period - Stopped by Jonathan Quick without a rebound.
1:19 of 3rd period - Mikael Backlund wins face-off versus Anthony Cirelli in Blues zone.
1:35 of 3rd period - Off-side.
1:36 of 3rd period - Melker Karlsson wins face-off versus Eric Staal in neutral zone.
2:02 of 3rd period - Minor Penalty to Colin White for Tripping.
2:03 of 3rd period - Eric Staal wins face-off versus Anthony Cirelli in Blues zone.
2:12 of 3rd period - Snap shot by Zach Parise.
2:12 of 3rd period - Stopped by Jonathan Quick with a rebound.
2:18 of 3rd period - Snap shot by David Schlemko.
2:18 of 3rd period - Stopped by Frederik Andersen with a rebound.
2:49 of 3rd period - Gavin Bayreuther is hit by Melker Karlsson and loses puck.
3:40 of 3rd period - Off-side.
3:41 of 3rd period - Eric Staal wins face-off versus Melker Karlsson in neutral zone.
4:02 of 3rd period - Penalty to Colin White is over, Colin White is back on ice.
4:15 of 3rd period - Corey Perry is hit by Luke Kunin and loses puck.
5:35 of 3rd period - Matt Martin is hit by Yanni Gourde and loses puck.
5:44 of 3rd period - Snap shot by David Schlemko.
5:44 of 3rd period - Deflect By Corey Perry.
5:44 of 3rd period - Stopped by Frederik Andersen with a rebound.
5:46 of 3rd period - Snap shot by Melker Karlsson.
5:46 of 3rd period - Shot Misses the Net.
5:48 of 3rd period - Snap shot by Melker Karlsson.
5:48 of 3rd period - Shot Misses the Net.
5:50 of 3rd period - Slapshot by Melker Karlsson.
5:50 of 3rd period - Shot Misses the Net.
5:52 of 3rd period - Slapshot by Melker Karlsson.
5:52 of 3rd period - Stopped by Frederik Andersen with a rebound.
5:54 of 3rd period - Snap shot by Matt Martin.
5:54 of 3rd period - Deflect By Melker Karlsson.
5:54 of 3rd period - Shot Misses the Net.
5:54 of 3rd period - Puck is out of play.
5:55 of 3rd period - Eric Staal wins face-off versus Jordan Schroeder in Blackhawks zone.
6:01 of 3rd period - Off-side.
6:02 of 3rd period - Eric Staal wins face-off versus Jordan Schroeder in neutral zone.
6:08 of 3rd period - Off-side.
6:09 of 3rd period - Anthony Cirelli wins face-off versus Eric Staal in neutral zone.
6:34 of 3rd period - Andy Greene is hit by Jordan Schroeder and loses puck.
6:44 of 3rd period - Slapshot by Derek Forbort.
6:44 of 3rd period - Shot Misses the Net.
7:06 of 3rd period - Wrist shot by Eric Staal.
7:06 of 3rd period - Deflect By Cam Atkinson.
7:06 of 3rd period - Stopped by Jonathan Quick without a rebound.
7:07 of 3rd period - Anthony Cirelli wins face-off versus Mikael Backlund in Blues zone.
7:16 of 3rd period - Slapshot by Brendan Smith.
7:16 of 3rd period - Shot Misses the Net.
7:32 of 3rd period - Brendan Smith is hit by Luke Kunin and loses puck.
7:55 of 3rd period - Gavin Bayreuther is hit by Dominik Simon and loses puck.
8:36 of 3rd period - Colin White is hit by Carl Hagelin and loses puck.
8:45 of 3rd period - Slapshot by Alex Steen.
8:45 of 3rd period - Stopped by Jonathan Quick without a rebound.
8:46 of 3rd period - Eric Staal wins face-off versus Corey Perry in Blues zone.
9:05 of 3rd period - Eric Staal is hit by David Schlemko.
9:15 of 3rd period - David Schlemko is hit by Andrew Shaw and loses puck.
10:22 of 3rd period - Snap shot by Corey Perry.
10:22 of 3rd period - Shot Misses the Net.
11:06 of 3rd period - Markus Nutivaara is hit by Nic Hague and loses puck.
11:12 of 3rd period - Minor Penalty to Ryan Reaves for Roughing.
11:13 of 3rd period - Eric Staal wins face-off versus Anthony Cirelli in Blues zone.
11:15 of 3rd period - Snap shot by Eric Staal.
11:15 of 3rd period - Stopped by Jonathan Quick with a rebound.
11:17 of 3rd period - Slapshot by Brandon Davidson.
11:17 of 3rd period - Shot Misses the Net.
11:19 of 3rd period - Wrist shot by Brandon Davidson.
11:19 of 3rd period - Shot Blocked by Colin White.
11:21 of 3rd period - Slapshot by Andy Greene.
11:21 of 3rd period - Shot Blocked by David Schlemko.
11:23 of 3rd period - Snap shot by Cam Atkinson.
11:23 of 3rd period - Stopped by Jonathan Quick with a rebound.
11:25 of 3rd period - Snap shot by Brandon Davidson.
11:25 of 3rd period - Stopped by Jonathan Quick without a rebound.
11:26 of 3rd period - Eric Staal wins face-off versus Anthony Cirelli in Blues zone.
13:12 of 3rd period - Penalty to Ryan Reaves is over, Ryan Reaves is back on ice.
13:17 of 3rd period - Slapshot by David Schlemko.
13:17 of 3rd period - Deflect By Brandon Davidson.
13:17 of 3rd period - Stopped by Frederik Andersen with a rebound.
13:31 of 3rd period - David Schlemko is hit by Luke Kunin and loses puck.
14:00 of 3rd period - Niklas Hjalmarsson is hit by Jordan Schroeder and loses puck.
14:27 of 3rd period - Snap shot by Melker Karlsson.
14:27 of 3rd period - Shot Blocked by Niklas Hjalmarsson.
15:22 of 3rd period - Corey Perry is hit by Andrew Shaw and loses puck.
15:41 of 3rd period - Slapshot by Cam Atkinson.
15:41 of 3rd period - Stopped by Jonathan Quick with a rebound.
15:53 of 3rd period - Wrist shot by Yanni Gourde.
15:53 of 3rd period - Shot Blocked by MacKenzie Weegar.
16:37 of 3rd period - Off-side.
16:38 of 3rd period - Curtis Lazar wins face-off versus Yanni Gourde in neutral zone.
17:04 of 3rd period - MacKenzie Weegar is hit by Eric Staal and loses puck.
17:11 of 3rd period - Snap shot by Zach Parise.
17:11 of 3rd period - Shot Misses the Net.
17:13 of 3rd period - Snap shot by Zach Parise.
17:13 of 3rd period - Stopped by Jonathan Quick with a rebound.
17:31 of 3rd period - Snap shot by Colin White.
17:31 of 3rd period - Goal by Colin White - Blackhawks : 4 - Blues : 5.
17:32 of 3rd period - Anthony Cirelli wins face-off versus Yanni Gourde in neutral zone.
17:59 of 3rd period - Andy Greene is hit by Ryan Reaves and loses puck.
18:08 of 3rd period - Snap shot by Jordan Schroeder.
18:08 of 3rd period - Shot Blocked by Brandon Davidson.
18:18 of 3rd period - Snap shot by Tyler Bertuzzi.
18:18 of 3rd period - Shot Misses the Net.
18:45 of 3rd period - Slapshot by Anthony Cirelli.
18:45 of 3rd period - Stopped by Frederik Andersen with a rebound.
18:53 of 3rd period - Snap shot by Michael Frolik.
18:53 of 3rd period - Deflect By Colin White.
18:53 of 3rd period - Stopped by Frederik Andersen with a rebound.
19:15 of 3rd period - Blackhawks, Frederik Andersen is pulled from the net.
19:17 of 3rd period - Snap shot by Cam Atkinson.
19:17 of 3rd period - Stopped by Jonathan Quick without a rebound.
19:18 of 3rd period - Bruce Boudreau call a timeout for Blackhawks.
19:18 of 3rd period - Anthony Cirelli wins face-off versus Cam Atkinson in Blues zone.
19:30 of 3rd period - Snap shot by David Schlemko.
19:30 of 3rd period - Goal by David Schlemko - Blackhawks : 4 - Blues : 6.
19:30 of 3rd period - Frederik Andersen from Blackhawks was sent back in the game.
19:31 of 3rd period - Yanni Gourde wins face-off versus Jordan Schroeder in neutral zone.
19:45 of 3rd period - David Schlemko is hit by Vladislav Namestnikov and loses puck.
Goals for this period are 0 for Blackhawks vs 2 for Blues.
Shots for this period are 12 for Blackhawks vs 8 for Blues.